 Dungeon Crawl Stone Soup version 0.29-a0-551-gffc1d7fb78 (webtiles) character file.

Game seed: 3415955789148472697

264 bande the Chopper (level 6, -3/38 HPs)
             Began as a Gargoyle Fighter on June 6, 2022.
             Was an Initiate of Okawaru.
             Slain by Duvessa
             ... wielding a +0 short sword
              (10 damage)
             ... on level 4 of the Dungeon.
             The game lasted 00:03:56 (2814 turns).

bande the Chopper (Gargoyle Fighter)                Turns: 2814, Time: 00:03:57

Health: -3/38      AC: 17    Str: 20    XL:     6   Next: 19%
Magic:  0/6        EV:  7    Int:  8    God:    Okawaru [......]
Gold:   112        SH:  5    Dex: 11    Spells: 5/5 levels left

rFire   . . .      SeeInvis .   a - +1 war axe
rCold   . . .      Faith    .   c - +1 buckler
rNeg    + . .      Spirit   +   h - +0 chain mail
rPois   ∞          Reflect  .   (no helmet)
rElec   +          Harm     .   (no cloak)
rCorr   .          Rampage  .   (no gloves)
Will    .....      Rage     1%  g - +2 pair of boots
Stlth   ..........              l - amulet of guardian spirit
HPRegen 0.12/turn               (no ring)
MPRegen 0.10/turn               (no ring)

@: lit by a corona, glowing
A: sickness immunity, AC +4, negative energy resistance 1, electricity
resistance, torment resistance 1, petrification resistance, berserk 1
a: Renounce Religion


You were on level 4 of the Dungeon.
You worshipped Okawaru.
Okawaru was noncommittal.
You visited 1 branch of the dungeon, and saw 4 of its levels.

You collected 112 gold pieces.

Inventory:

Hand Weapons
 a - a +1 war axe (weapon)
 n - a +1 flail of holy wrath
Armour
 c - a +1 buckler (worn)
 g - a +2 pair of boots (worn)
 h - a +0 chain mail (worn)
Jewellery
 l - an amulet of guardian spirit (around neck)
Wands
 f - a wand of acid (9)
 m - a wand of iceblast (4)
Scrolls
 j - 2 scrolls of fog
 k - 2 scrolls of teleportation
Potions
 b - a potion of flight {unknown}
 d - 2 potions of might
 e - a potion of haste


   Skills:
 + Level 4.0 Fighting
 + Level 4.1 Axes
 + Level 4.0 Armour
 + Level 3.8 Shields
 * Level 1.0 Invocations
 * Level 1.7 Evocations


You had 5 spell levels left.
You didn't know any spells.
Your spell library contained the following spells:

 Spells                   Type           Power      Damage    Failure   Level
 Gell's Gravitas          Tloc           0%         N/A       100%        3
 Ignite Poison            Fire/Tmut/Pois 0%         N/A       100%        3
 Mephitic Cloud           Conj/Pois/Air  0%         N/A       100%        3
 Teleport Other           Tloc           0%         N/A       100%        3
 Freezing Cloud           Conj/Ice/Air   0%         6-21      100%        5
 Dispersal                Tloc           0%         N/A       100%        6
 Eringya's Noxious Bog    Tmut/Pois      0%         N/A       100%        6
 Call Imp                 Summ           Unusable   N/A       N/A         2
 Summon Guardian Golem    Hex/Summ       Unusable   N/A       N/A         3
 Summon Horrible Things   Summ           Unusable   N/A       N/A         8

Dungeon Overview and Level Annotations

Branches:
Dungeon (4/15)
 Temple: D:4-7

Altars:
Okawaru

Annotations:
D:4 Duvessa


Innate Abilities, Weirdness & Mutations

You are immune to sickness and miasma.
Your stone body is resilient. (AC +4)
You are immune to poison.
You resist negative energy. (rN+)
You are resistant to electric shocks. (rElec)
You are resistant to unholy torment.
You are immune to petrification.
You tend to lose your temper in combat.


Message History

You are too injured to fight recklessly!
You are too injured to fight recklessly!
You are too injured to fight recklessly!
You are too injured to fight recklessly!
Unknown command.
You slash Dowan!
Dowan is severely wounded.
You barely miss Duvessa. Duvessa hits you but does no damage.
Dowan gestures wildly while chanting.
Dowan blinks!
Duvessa barely misses you.
Unknown command.
Duvessa hits you but does no damage.
You barely miss Duvessa.
Duvessa is severely wounded.
Duvessa hits you but does no damage. Duvessa hits you with a +0 short sword.
Unknown command.
You hit Dowan.
Dowan is almost dead.
You closely miss Duvessa. You block Duvessa's attack.
Duvessa hits you but does no damage.
Dowan points at you and mumbles some strange words.
The puff of flame hits you. Duvessa hits you but does no damage.
Dowan hits you but does no damage.
You closely miss Dowan.
Dowan is almost dead.
You hit Duvessa. Duvessa hits you with a +0 short sword.
* * * LOW HITPOINT WARNING * * *
Dowan points at you and mumbles some strange words.
The puff of flame hits you.
* * * LOW HITPOINT WARNING * * *
You hit Dowan.
Dowan is almost dead.
You hit Duvessa. Duvessa hits you but does no damage. x2
Dowan hits you but does no damage.
You hit Dowan.
You kill Dowan!
Okawaru accepts your kill.
Duvessa weeps, and shakes her weapon.
Duvessa goes berserk!
You hit Duvessa. Duvessa hits you with a +0 short sword!
You die...

#### ...### #####
.....# #...###.....#
##...##......#
##!?..##e)....# ..
#.......@##. .....
##...........#
....####............#
.....##........##...#
......................
..............##..##..#
.........##..........##
...†.....##......... #
.....##.....[....###


You could see Duvessa (berserk, fast).

Vanquished Creatures
  A bullfrog (D:4)
  Dowan (D:4)
  Jessica (D:2)
  7 gnolls
  3 adders (D:2)
  A worm (D:3)
  2 dart slugs
  An orc (D:2)
  4 endoplasms
  2 giant cockroaches
  7 hobgoblins
  10 jackals
  3 quokkas
  8 ball pythons
  5 bats
  5 frilled lizards
  4 goblins
  7 kobolds
  6 rats
78 creatures vanquished.

Vanquished Creatures (others)
  2 withered plants (D:2)
2 creatures vanquished.

Grand Total: 80 creatures vanquished

Notes
Turn   | Place    | Note
-------+----------+-------------------------------------------
     0 | D:1      | bande the Gargoyle Fighter began the quest for the Orb.
     0 | D:1      | Reached XP level 1. HP: 14/14 MP: 1/1
   224 | D:1      | Gained mutation: You tend to lose your temper in combat.
                  | [potion of mutation]
   301 | D:1      | Reached XP level 2. HP: 19/19 MP: 2/2
   495 | D:1      | Reached XP level 3. HP: 8/23 MP: 3/3
  1094 | D:2      | Found a faded altar of an unknown god.
  1230 | D:2      | Reached XP level 4. HP: 25/28 MP: 4/4
  1315 | D:2      | Noticed Jessica
  1544 | D:2      | Killed Jessica
  1545 | D:2      | Reached skill level 1 in Evocations
  1545 | D:2      | Reached XP level 5. HP: 12/33 MP: 5/5
  1891 | D:2      | Found an iron altar of Okawaru.
  1904 | D:2      | Became a worshipper of Warmaster Okawaru
  2387 | D:3      | Got the Reference Book on the Cankerous Entourage
  2697 | D:4      | Reached skill level 1 in Invocations
  2697 | D:4      | Reached XP level 6. HP: 27/38 MP: 3/6
  2791 | D:4      | Noticed Dowan
  2793 | D:4      | Noticed Duvessa
  2814 | D:4      | Killed Dowan
  2814 | D:4      | Slain by Duvessa

Illustrated notes

Levels and vault maps discovered:
D:1:      dpeg_arrival_rhombi, layout_basic
D:2:      layout_rooms, ebering_ecumenical_altar_petrified, basic_altar,
          uniq_jessica
D:3:      layout_rooms, st_stairs_10, columned_hall_lemuel
D:4:      layout_cave_pools, minmay_temple_entry_grid, uniq_duvessa

Skill      XL: |  1  2  3  4  5 |
---------------+----------------+-----
Axes           | 2 3 4 |  4.1
Evocations     | 1 |  1.7
Fighting       | 4 |  4.0
Armour         | 4 |  4.0
Invocations    | 1 |  1.0
Shields        | |  3.8

Action                   |  1- 3 |  4- 6 || total
-------------------------+-------+-------++-------
Melee: War axe           |    85 |   112 ||   197
  Use: Scroll            |     1 |     6 ||     7
       Potion            |     1 |       ||     1
Armor: Scale mail        |    50 |     4 ||    54
       Chain mail        |       |    75 ||    75
Dodge: Dodged            |    49 |    43 ||    92
Block: Buckler           |    19 |    26 ||    45

Table legend: (Time is in decaauts)
 A = Elapsed time spent in this place.
 B = Non-inter-level travel time spent in this place.
 C = Inter-level travel time spent in this place.
 D = Time resting spent in this place.
 E = Time spent auto-exploring this place.
 F = Levels seen in this place.
 G = Mean time per level.
                   A        B        C        D        E       F      G
               +--------+--------+--------+--------+--------+-----+--------+
         Total |   2900 |   2879 |     21 |    649 |   1631 |   4 |  725.0 |
       Dungeon |   2900 |   2879 |     21 |    649 |   1631 |   4 |  725.0 |
               +--------+--------+--------+--------+--------+-----+--------+

Top non-repeatable levels by time:
     D:1: 1119 daAuts
     D:2: 1019 daAuts
     D:3: 608 daAuts
     D:4: 153 daAuts
